 Dungeon Crawl Stone Soup version 0.19.5 (webtiles) character file.

491 theElss the Destroyer (level 6, -1/32 HPs)
             Began as a Deep Elf Conjurer on May 5, 2017.
             Killed from afar by an orc wizard (5 damage)
             ... with a puff of flame
             ... on level 4 of the Dungeon.
             The game lasted 00:09:58 (2237 turns).

theElss the Destroyer (Deep Elf Conjurer)           Turns: 2237, Time: 00:09:58

Health: -1/32      AC:  2    Str:  5    XL:     6   Next: 91%
Magic:  3/15       EV: 14    Int: 22    God:
Gold:   108        SH:  0    Dex: 15    Spells: 2 memorised, 11 levels left

rFire  . . .     SeeInvis .     u - +0 short sword
rCold  + . .     Gourm    .     a - +0 robe
rNeg   . . .     Faith    .     (no shield)
rPois  .         Spirit   .     (no helmet)
rElec  .         Reflect  .     (no cloak)
rCorr  .         Harm     .     (no gloves)
MR     .....                    (no boots)
Stlth  ++........               (no amulet)
                                (no ring)
                                m - ring of protection from cold

@: no status effects
A: no striking features
a: no special abilities


You were on level 4 of the Dungeon.
You were not hungry.

You visited 1 branch of the dungeon, and saw 4 of its levels.

You collected 108 gold pieces.

Inventory:

Hand Weapons
 u - a +0 short sword (weapon)
Armour
 a - a +0 robe (worn)
Jewellery
 m - a ring of protection from cold (left hand)
 y - a +2 ring of strength {unknown}
Wands
 w - a wand of hasting (5/9)
Scrolls
 d - a scroll of noise {unknown}
 g - 3 scrolls of teleportation {unknown}
 j - 6 scrolls of identify {unknown}
 k - a scroll of remove curse {unknown}
 p - a scroll of random uselessness {unknown}
 v - a scroll of amnesia {unknown}
 x - a scroll of recharging {unknown}
Potions
 e - a potion of cure mutation {unknown}
 h - a potion of mutation {unknown}
 l - a potion of degeneration {unknown}
 o - 3 potions of curing {unknown}
 q - a potion of flight {unknown}
 r - a potion of ambrosia {unknown}
 s - a potion of invisibility {unknown}
Books
 b - a book of Conjurations

   Spells                             Type                      Level
   a - Magic Dart                     Conjuration                  1
   b - Searing Ray                    Conjuration                  2
   c - Dazzling Spray                 Conjuration/Hexes            3
   d - Fulminant Prism                Conjuration/Hexes            4
   e - Iskenderun's Mystic Blast      Conjuration                  4
   f - Iskenderun's Battlesphere      Conjuration/Charms           5
 t - a book of the Sky

   Spells                             Type                      Level
   a - Summon Lightning Spire         Summoning/Air                4
   b - Airstrike                      Air                          4
   c - Silence                        Hexes/Air                    5
   d - Deflect Missiles               Charms/Air                   6
   e - Conjure Ball Lightning         Conjuration/Air              6
   f - Tornado                        Air                          9
Comestibles
 c - 5 bread rations
 f - 8 chunks of flesh
 i - 2 meat rations
 n - a royal jelly


   Skills:
 + Level 3.6 Dodging
 - Level 2.4 Stealth
 + Level 4.9 Spellcasting
 + Level 8.1 Conjurations


You had 11 spell levels left.
You knew the following spells:

 Your Spells              Type           Power        Failure   Level  Hunger
a - Magic Dart            Conj           ####         1%          1    None
c - Searing Ray           Conj           #####.       1%          2    None


Dungeon Overview and Level Annotations

Branches:
Dungeon (4/15)
 Temple: D:4-7

Altars:
Hepliaklqana
Makhleb

Annotations:
D:3 Grinder


Message History

The orc wizard casts a spell.
The orc wizard flickers and vanishes!
Deactivating autopickup; reactivate with Ctrl-A.
The searing ray hits the ogre.
The ogre is moderately wounded.
The ogre completely misses you. The orc wizard closely misses you.
The searing ray hits the ogre.
The ogre is severely wounded.
You finish channeling your searing ray.
The orc wizard hits you but does no damage.
Something hits you. The ogre barely misses you. The orc barely misses you.
A hound comes into view.
Unknown command.
Something hits you.
The ogre hits you with a giant spiked club!
* * * LOW HITPOINT WARNING * * *
The hound barks!
The orc wizard points at you and mumbles some strange words.
The puff of flame hits you!
You die...

##..
###########....
#........#..#
#..........#
#........###
#.......@######.
#.......{#......
######.oO.......
#.o........
#....h.....
#..........
#######.... ....
./.


You could see an ogre, a hound, an orc wizard and an orc.

Vanquished Creatures
  Sigmund (D:2)
  Eustachio (D:4)
  Ijyb (D:3)
  Natasha (thrice) (D:2)
  5 adders
  An ooze (D:4)
  An adder skeleton (D:4)
  A worm (D:3)
  2 leopard geckos
  An orc (D:3)
  A ball python (D:1)
  5 bats
  3 giant cockroaches (D:2)
  6 goblins
  2 hobgoblins
  4 kobolds
  A frilled lizard (D:2)
  6 rats
45 creatures vanquished.

Notes
Turn   | Place    | Note
-------+----------+-------------------------------------------
     0 | D:1      | theElss the Deep Elf Conjurer began the quest for the Orb.
     0 | D:1      | Reached XP level 1. HP: 10/10 MP: 6/6
   263 | D:1      | Reached XP level 2. HP: 15/15 MP: 6/8
   294 | D:1      | Learned a level 2 spell: Searing Ray
   556 | D:2      | Reached skill level 5 in Conjurations
   658 | D:2      | Noticed Sigmund
   670 | D:2      | Killed Sigmund
   670 | D:2      | Reached skill level 6 in Conjurations
   670 | D:2      | Reached XP level 3. HP: 19/19 MP: 1/10
   670 | D:2      | Reached XP level 4. HP: 24/24 MP: 1/11
   670 | D:2      | Reached XP level 5. HP: 28/28 MP: 1/12
   963 | D:2      | Noticed Natasha
   967 | D:2      | Killed Natasha
   967 | D:2      | Reached skill level 7 in Conjurations
  1040 | D:2      | Noticed Natasha
  1050 | D:2      | Killed Natasha
  1127 | D:2      | Noticed Natasha
  1130 | D:2      | Killed Natasha
  1476 | D:2      | Reached XP level 6. HP: 32/32 MP: 10/13
  1602 | D:3      | Found a hazy altar of Hepliaklqana.
  1636 | D:3      | Noticed Ijyb
  1740 | D:3      | Noticed Grinder
  1813 | D:3      | Killed Ijyb
  2117 | D:4      | Found a burning altar of Makhleb.
  2220 | D:4      | Noticed Eustachio
  2233 | D:4      | Killed Eustachio
  2233 | D:4      | Reached skill level 8 in Conjurations
  2237 | D:4      | Killed from afar by an orc wizard

Skill      XL: |  1  2  3  4  5  6 |
---------------+-------------------+-----
Conjurations   | 6 7 8 |  8.1
Dodging        | 3 |  3.6
Spellcasting   | 4 |  4.9
Stealth        | |  2.4

Action                   |  1- 3 |  4- 6 || total
-------------------------+-------+-------++-------
 Cast: Magic Dart        |    21 |    49 ||    70
       Searing Ray       |     2 |    11 ||    13
  Eat: Chunk             |       |     4 ||     4
Armor: Robe              |       |     2 ||     2
Dodge: Dodged            |     1 |    16 ||    17
